 Dungeon Crawl Stone Soup version 0.32-a0-712-g515539a (webtiles) character file.

Game seed: 13355752403369171382

692 PidgeyThePirate the Shooter (level 7, -2/53 HPs)
             Began as a Coglin Hunter on Mar 15, 2024.
             Was an Initiate of Okawaru.
             Slain by an iguana (3 damage)
             ... on level 5 of the Dungeon.
             The game lasted 00:05:59 (3290 turns).

PidgeyThePirate the Shooter (Coglin Hunter)         Turns: 3290, Time: 00:06:00

Health: -2/53      AC:  4    Str: 14    XL:     7   Next: 63%
Magic:  7/7        EV: 11    Int:  8    God:    Okawaru [......]
Gold:   252        SH:  0    Dex: 17    Spells: 6/6 levels left

rFire   . . .        a - +2 sling {Charoen}
rCold   . . .        d - +0 sling {Tejnoor}
rNeg    . . .        c - +0 leather armour
rPois   .            (no helmet)
rElec   .            h - scarf {harm}
rCorr   .            o - +0 pair of gloves
SInv    .            (no boots)
Will    .....        (amulet unavailable)
Stlth   ++           (ring unavailable)
HPRegen 0.28/turn    (ring unavailable)
MPRegen 0.10/turn    (no gizmo)

%: harm (+30% outgoing, +20% incoming)
@: revved
A: off-hand wielding, slow wielding, warmup strikes, no jewellery
a: Invent Gizmo, Renounce Religion


You were on level 5 of the Dungeon.
You worshipped Okawaru.
Okawaru was noncommittal.
You visited 2 branches of the dungeon, and saw 6 of its levels.

You collected 252 gold pieces.

Inventory:

Hand Weapons
 a - a +2 sling (weapon) {Charoen}
 d - a +0 sling (offhand) {Tejnoor}
Missiles
 e - 2 throwing nets
Armour
 c - a +0 leather armour (worn)
 h - a scarf of harm (worn)
 o - a +0 pair of gloves (worn)
Wands
 q - a wand of paralysis (7)
 r - a wand of flame (14)
Scrolls
 f - 2 scrolls of noise {unknown}
 j - 2 scrolls of enchant armour {unknown}
 k - 2 scrolls of immolation {unknown}
 l - 2 scrolls of teleportation {unknown}
 m - a scroll of fog {unknown}
 n - a scroll of revelation
 p - a scroll of poison {unknown}
 s - 2 scrolls of vulnerability {unknown}
Potions
 b - 2 potions of magic {unknown}
 g - a potion of degeneration
 i - a potion of berserk rage {unknown}


   Skills:
 + Level 3.7 Fighting
 + Level 7.4 Ranged Weapons
 + Level 2.0 Armour
 + Level 1.8 Dodging
 + Level 0.7 Stealth


You had 6 spell levels left.
You didn't know any spells.
Your spell library contained the following spells:

 Spells                   Type           Power      Damage    Failure   Level
 Sandblast                Erth           0%         2d4       47%         1
 Ensorcelled Hibernation  Hex/Ice        0%         N/A       63%         2
 Fugue of the Fallen      Necr           0%         N/A       85%         3
 Stone Arrow              Conj/Erth      0%         3d7       85%         3
 Anguish                  Hex/Necr       0%         N/A       99%         4
 Brom's Barrelling Bould  Conj/Erth      0%         2d3       99%         4


Dungeon Overview and Level Annotations

Branches:
Dungeon (5/15)             Temple (1/1) D:5

Altars:
Elyvilon
Gozag
Hepliaklqana
Kikubaaqudgha
Nemelex Xobeh
Okawaru
Ru
Sif Muna
Uskayaw
Vehumet
Wu Jian
Zin
The Shining One

Shops:
D:2 !   D:4 (   D:5 =


Innate Abilities, Weirdness & Mutations

You can wield a second weapon in your off-hand.
It takes a long time for you to wield or remove held weapons.
Your first few attacks do less damage.
You cannot equip rings or amulets.


Message History

Unknown command.
You shoot a sling bullet.
The sling bullet completely misses the iguana.
You shoot a sling bullet. The sling bullet hits the iguana.
The iguana is severely wounded.
The iguana bites you!
* * * LOW HITPOINT WARNING * * *
You shoot a sling bullet.
The sling bullet hits the iguana but does no damage.
The iguana is severely wounded.
You shoot a sling bullet.
The sling bullet hits the iguana but does no damage.
The iguana is severely wounded.
The iguana bites you.
* * * LOW HITPOINT WARNING * * *
Okay, then.
Okay, then.
Okay, then.
Okay, then.
Fire: a) +2 sling {Charoen}
Press: ? - help, Q - select action, (/) - cycle Shift-Dir - straight line, f/p - iguana
Aim: an iguana (severely wounded, 68% to hit)
You shoot a sling bullet.
The sling bullet barely misses the iguana.
You shoot a sling bullet.
The sling bullet hits the iguana but does no damage.
The iguana is severely wounded.
The iguana bites you.
* * * LOW HITPOINT WARNING * * *
Fire: a) +2 sling {Charoen}
Press: ? - help, Q - select action, (/) - cycle Shift-Dir - straight line, f/p - iguana
Aim: an iguana (severely wounded, 68% to hit)
You shoot a sling bullet.
The sling bullet hits the iguana but does no damage.
The iguana is severely wounded.
You shoot a sling bullet. The sling bullet hits the iguana.
The iguana is severely wounded.
The iguana bites you.
You die...

#........#.# #.########.#
#.# #.# #.# #.# #.. #.#
#####.######## #.# #.#
#...........)# #.#
#.####.[..#######.# #.#
####...........#.l<#.# #.#
#.......#....#.#@###.# #.#
#.......#....#.#.....# #.#
#.......#....#.#########.#
#.......#....#..)).)..)..#
#.......#....##########..#
#.......#....# #..####.#
#.......#....# #.......#
#.......# #.......#
#.......#


You could see an iguana.

Vanquished Creatures
  Edmund (D:4)
  A phantom (D:5)
  Blork the orc (D:4)
  A bombardier beetle (D:4)
  A hound (D:4)
  A sleepcap (D:4)
  Jessica (D:3)
  An iguana (D:5)
  Ijyb (D:5)
  3 orc wizards
  4 gnolls (D:3)
  4 adders
  A white imp (D:4)
  2 ufetubi (D:5)
  3 dart slugs
  A ribbon worm (D:4)
  10 orcs
  7 endoplasms
  3 giant cockroaches
  7 goblins
  3 hobgoblins
  2 jackals (D:4)
  4 ball pythons
  4 bats
  4 frilled lizards
  9 kobolds
  3 rats
  A spectral goblin (D:4)
84 creatures vanquished.

Notes
Turn   | Place    | Note
-------+----------+-------------------------------------------
     0 | D:1      | PidgeyThePirate the Coglin Hunter began the quest for the
                  | Orb.
     0 | D:1      | Reached XP level 1. HP: 16/16 MP: 1/1
   181 | D:1      | Reached skill level 4 in Ranged Weapons
   181 | D:1      | Reached XP level 2. HP: 22/22 MP: 2/2
   648 | D:2      | Identified the +8 dagger of Eternal Harmony {drain, rPois
                  | Str+2 Dex+4}
   707 | D:2      | Reached XP level 3. HP: 27/27 MP: 3/3
   864 | D:2      | Found Veyfabbe's Distillery.
  1324 | D:3      | Reached XP level 4. HP: 34/34 MP: 4/4
  1329 | D:3      | Reached skill level 5 in Ranged Weapons
  1357 | D:3      | Noticed Jessica
  1360 | D:3      | Killed Jessica
  1418 | D:3      | Found an ornate altar of the Wu Jian Council.
  1472 | D:3      | Reached XP level 5. HP: 40/40 MP: 5/5
  1989 | D:4      | Noticed Blork the orc
  1996 | D:4      | Killed Blork the orc
  1997 | D:4      | Reached skill level 6 in Ranged Weapons
  1997 | D:4      | Reached XP level 6. HP: 34/47 MP: 6/6
  2099 | D:4      | Found a hazy altar of Hepliaklqana.
  2220 | D:4      | Reached skill level 1 in Armour
  2339 | D:4      | Noticed Edmund
  2388 | D:4      | Killed Edmund
  2435 | D:4      | Reached XP level 7. HP: 46/52 MP: 7/7
  2496 | D:4      | Found a white marble altar of Elyvilon.
  2496 | D:4      | Found a glowing silver altar of Zin.
  2498 | D:4      | Found a glowing golden altar of the Shining One.
  2555 | D:4      | Found a sparkling altar of Nemelex Xobeh.
  2710 | D:4      | Found Banubly's Antique Weapon Shoppe.
  2778 | D:5      | Entered Level 5 of the Dungeon
  2818 | D:5      | Reached skill level 7 in Ranged Weapons
  2844 | D:5      | Found a staircase to the Ecumenical Temple.
  2856 | Temple   | Entered the Ecumenical Temple
  2973 | Temple   | Became a worshipper of Warmaster Okawaru
  3013 | D:5      | Found Foriagra's Jewellery Emporium.
  3194 | D:5      | Noticed Ijyb
  3211 | D:5      | Paralysed by Ijyb for 5 turns
  3222 | D:5      | Killed Ijyb
  3289 | D:5      | HP: 1/53 [iguana (7)]
  3290 | D:5      | Slain by an iguana

Illustrated notes

Levels and vault maps discovered:
D:1:      dpeg_arrival_more_subterranean_lakeside_camping, layout_loops_ring
D:2:      layout_loops_ring, serial_shops, nicolae_shop_tiny_glass
D:3:      layout_loops_ring, nicolae_wu_jian_wuxing_cycle, uniq_jessica
D:4:      minmay_skewed_foursquare, layout_gridville,
          dreamdust_divine_triumvirate, kennysheep_mini,
          nicolae_hepliaklqana_monster_ancestors, serial_shops,
          nicolae_take_the_stairs, grunt_ministairs_9, minmay_misc_feat_roman,
          minmay_misc_feat_tiny, minmay_misc_feat_doors,
          ebering_dispersal_statue_hall, uniq_edmund, uniq_blork_the_orc
D:5:      layout_basic, nicolae_dithmenos_the_darkroom,
          minmay_temple_entry_statues_fountains, serial_shops, shop, uniq_ijyb
Temple:   nicolae_temple_ecumenical_triangle

Skill      XL: |  1  2  3  4  5  6  7 |
---------------+----------------------+-----
Ranged Weapons | 4 5 6 7 |  7.4
Fighting       | 3 |  3.7
Armour         | 1 2 |  2.0
Dodging        | |  1.8
Stealth        | |  0.7

Action                     |  1- 3 |  4- 6 |  7- 9 || total
---------------------------+-------+-------+-------++-------
   Fire: Sling             |   120 |   160 |   152 ||   432
    Use: Scroll            |       |     4 |       ||     4
         Potion            |       |     1 |       ||     1
 Armour: Leather armour    |     8 |    13 |    44 ||    65
  Dodge: Dodged            |     6 |     3 |    32 ||    41

Table legend: (Time is in decaauts)
 A = Elapsed time spent in this place.
 B = Non-inter-level travel time spent in this place.
 C = Inter-level travel time spent in this place.
 D = Time resting spent in this place.
 E = Time spent auto-exploring this place.
 F = Levels seen in this place.
 G = Mean time per level.
                   A        B        C        D        E       F      G
               +--------+--------+--------+--------+--------+-----+--------+
         Total |   3321 |   3250 |     71 |      0 |   2716 |   6 |  553.5 |
       Dungeon |   3190 |   3119 |     71 |      0 |   2620 |   5 |  638.0 |
        Temple |    130 |    130 |      0 |      0 |     96 |   1 |  130.0 |
               +--------+--------+--------+--------+--------+-----+--------+

Top non-repeatable levels by time:
     D:4: 827 daAuts
     D:3: 679 daAuts
     D:2: 676 daAuts
     D:1: 620 daAuts
     D:5: 385 daAuts
  Temple: 130 daAuts
